 Dungeon Sprint DCSS version 0.28-a0-461-g2dc4ca5097 (webtiles) character file.

Game seed: 14706005277613707581

263 MikeHunt the Zephyrmancer (level 5, -1/35 HPs)
             Began as a Demonspawn Air Elementalist on Sept 14, 2021.
             Was an Initiate of Sif Muna.
             Slain by a deep elf pyromancer (9 damage)
             ... in the Dungeon (Sprint III: "The Ten Rune Challenge").
             The game lasted 00:03:57 (844 turns).

MikeHunt the Zephyrmancer (DsAE)                     Turns: 844, Time: 00:03:58

Health: -1/35      AC:  3    Str:  8    XL:     5   Next: 98%
Magic:  5/13       EV: 12    Int: 17    God:    Sif Muna [......]
Gold:   37         SH:  4    Dex: 16    Spells: 8/15 levels left

rFire   . . .      SeeInvis .   (no weapon)
rCold   . . .      Faith    .   (no shield)
rNeg    . . .      Spirit   .   a - +0 robe
rPois   .          Reflect  .   (no helmet)
rElec   .          Harm     .   h - +0 cloak
rCorr   .          Rampage  .   (no gloves)
Will    .....      NoTele   +   (no boots)
Stlth   +++.......              (no amulet)
HPRegen 0.11/turn               (no ring)
MPRegen 0.13/turn               (no ring)

@: no status effects
A: thin skeletal structure 1, condensation shield, sturdy frame 1
a: Renounce Religion


You were in the Dungeon.
You worshipped Sif Muna.
Sif Muna was noncommittal.
You visited 1 branch You collected 37 gold pieces.

Inventory:

Hand Weapons
 f - a +2 quarterstaff of chaos
Armour
 a - a +0 robe (worn)
 h - a +0 cloak (worn)
Scrolls
 g - a scroll of blinking
 k - a scroll of holy word {unknown}
 l - 2 scrolls of identify {unknown}
 o - a scroll of torment {unknown}
Potions
 b - a potion of curing
 c - 2 potions of heal wounds
 d - a potion of haste
 e - 2 potions of magic
 j - 3 potions of mutation
 m - a potion of might {unknown}
 n - a potion of flight {unknown}


   Skills:
 - Level 1.7 Dodging
 - Level 1.7 Stealth
 - Level 5.9 Spellcasting
 - Level 4.3 Conjurations
 + Level 8.3 Air Magic
 + Level 4.8 Invocations
 - Level 2.7 Evocations


You had 8 spell levels left.
You knew the following spells:

 Your Spells              Type           Power      Damage    Failure   Level
d - Airstrike             Air            16%        N/A       4%          4
e - Shock                 Conj/Air       100%       1d9       1%          1
w - Static Discharge      Conj/Air       26%        N/A       1%          2

Your spell library contained the following spells:

 Spells                   Type           Power      Damage    Failure   Level
 Swiftness                Air            33%        N/A       1%          3
 Dazzling Flash           Conj/Hex       24%        N/A       16%         3
 Silence                  Hex/Air        9%         N/A       54%         5
 Agony                    Necr           5%         N/A       98%         5


Dungeon Overview and Level Annotations

Branches:
Dungeon (1/1)

Altars:
Dithmenos
Elyvilon
Kikubaaqudgha
Ru
Sif Muna
Vehumet
Yredelemnul
Zin
The Shining One


Innate Abilities, Weirdness & Mutations

You have a somewhat thin skeletal structure. (Dex +2, Stealth+)
A meltable shield of frost defends you. (SH +4)
Your movements are slightly less encumbered by armour. (ER -2)


Message History

Aiming: Shock (safe; 1% risk of failure)
Press: ? - help, Shift-Dir - straight line The zap hits the deep elf pyromancer.
The deep elf pyromancer is lightly wounded.
The deep elf pyromancer shouts!
Casting: Shock (safe; 1% risk of failure)
Confirm with . or Enter, or press ? or * to list all spells.
Aiming: Shock (safe; 1% risk of failure)
Press: ? - help, Shift-Dir - straight line The zap hits the deep elf pyromancer.
The deep elf pyromancer is lightly wounded.
Casting: Shock (safe; 1% risk of failure)
Confirm with . or Enter, or press ? or * to list all spells.
The deep elf pyromancer is struck by an arc of lightning!
The deep elf pyromancer is moderately wounded.
You are struck by an arc of lightning.
The lightning grounds out.
The deep elf pyromancer barely misses you.
Casting: Static Discharge (safe; 1% risk of failure)
Confirm with . or Enter, or press ? or * to list all spells.
The deep elf pyromancer is struck by an arc of lightning.
The deep elf pyromancer is moderately wounded.
You are struck by an arc of lightning.
The deep elf pyromancer is struck by an arc of lightning!
The deep elf pyromancer is heavily wounded.
The lightning grounds out.
The deep elf pyromancer hits you with a +2 long sword of holy wrath!
You convulse!
Unknown command.
Casting: Static Discharge (safe; 1% risk of failure)
Confirm with . or Enter, or press ? or * to list all spells.
The deep elf pyromancer is struck by an arc of lightning!
The deep elf pyromancer is severely wounded.
You are struck by an arc of lightning.
The deep elf pyromancer is struck by an arc of lightning.
The deep elf pyromancer is severely wounded.
The lightning grounds out.
The deep elf pyromancer hits you with a +2 long sword of holy wrath.
* * * LOW HITPOINT WARNING * * *
You convulse!
You die...

▓▓▓▓▓▓▓ ▓▓▓ '.....♣♣
♣.#### #### #......♣
♣♣.#___ #__# #......♣
♣..#!.. #._# #....≈♣♣
♣..###e#+###)## #...≈≈.♣
♣.#...@......#
#..≈≈≈≈♣♣♣♣.'.⌠........#
#..≈≈≈≈≈≈.♣.#...######+#
#.≈≈≈≈≈≈....#.⌠.#
#.≈≈≈≈≈.....#...#
#.≈≈≈.......#)###
#...........#...#
............#___#
▓▓▓▓▓▓▓▓▓▓▓▓▓▓▓▓▓


You could see a deep elf pyromancer.

Vanquished Creatures
  A necrophage (D)
  A water elemental (D)
  Crazy Yiuf (D)
  A wizard (D)
  A necromancer (D)
  A human (D)
  A kobold demonologist (D)
  2 endoplasms (D)
  2 rats (D)
11 creatures vanquished.

Vanquished Creatures (others)
  3 plants (D)
3 creatures vanquished.

Grand Total: 14 creatures vanquished

Notes
Turn   | Place    | Note
-------+----------+-------------------------------------------
     0 | D        | MikeHunt the Demonspawn Air Elementalist began the quest
                  | for the Orb.
     0 | D        | Reached XP level 1. HP: 13/13 MP: 3/3
   107 | D        | Reached skill level 3 in Air Magic
   261 | D        | Noticed Crazy Yiuf
   287 | D        | Killed Crazy Yiuf
   288 | D        | Gained mutation: You have a somewhat thin skeletal
                  | structure. (Dex +2, Stealth+) [demonic ancestry]
   288 | D        | Reached XP level 2. HP: 5/19 MP: 0/7
   288 | D        | Reached XP level 3. HP: 7/24 MP: 0/8
   371 | D        | Learned a level 2 spell: Static Discharge
   535 | D        | Gained mutation: Your movements are slightly less
                  | encumbered by armour. (ER -2) [potion of mutation]
   572 | D        | Reached skill level 4 in Air Magic
   572 | D        | Reached skill level 1 in Evocations
   643 | D        | Noticed a water elemental
   652 | D        | Killed a water elemental
   653 | D        | Reached skill level 5 in Spellcasting
   653 | D        | Gained mutation: A meltable shield of frost defends you.
                  | (SH +4) [demonic ancestry]
   653 | D        | Reached XP level 4. HP: 23/30 MP: 9/11
   679 | D        | Learned a level 4 spell: Airstrike
   717 | D        | Found a radiant altar of Vehumet.
   718 | D        | Found a shimmering blue altar of Sif Muna.
   718 | D        | Noticed a wizard
   722 | D        | Killed a wizard
   723 | D        | Reached skill level 5 in Air Magic
   723 | D        | Reached XP level 5. HP: 35/35 MP: 10/13
   726 | D        | Reached skill level 6 in Air Magic
   726 | D        | Found an ancient bone altar of Kikubaaqudgha.
   731 | D        | Became a worshipper of Sif Muna the Loreminder
   766 | D        | Found a shadowy altar of Dithmenos.
   766 | D        | Noticed a necrophage
   771 | D        | Reached skill level 7 in Air Magic
   772 | D        | Killed a necrophage
   773 | D        | Reached skill level 8 in Air Magic
   773 | D        | Found a basalt altar of Yredelemnul.
   773 | D        | Found a sacrificial altar of Ru.
   839 | D        | Noticed a deep elf pyromancer
   844 | D        | Slain by a deep elf pyromancer

Illustrated notes

Levels and vault maps discovered:
D:        dungeon_sprint_mu [sprint_mu_entry_forest, sprint_mu_temple_rooms,
          sprint_mu_d1_horrors, sprint_mu_d2_genie, sprint_mu_d3_branching,
          sprint_mu_orc_legion, sprint_mu_elf_gauntlet, sprint_mu_hive_nellie,
          sprint_mu_lair_fedhas, sprint_mu_vaults_butterflies,
          sprint_mu_slime_circle, sprint_mu_swamp_cave, sprint_mu_snake_twists,
          sprint_mu_blade_basic, sprint_mu_crypt_lich, sprint_mu_tomb_spiral,
          sprint_mu_vestibule_basic, sprint_mu_gehenna_hellfire,
          sprint_mu_dis_giant, sprint_mu_tartarus_statrot,
          sprint_mu_cocytus_islands, sprint_mu_zot1]

Skill      XL: |  1  2  3  4  5 |
---------------+----------------+-----
Air Magic      | 3 4 5 8 |  8.3
Spellcasting   | 4 5 |  5.9
Conjurations   | 3 4 |  4.3
Evocations     | 2 |  2.7
Invocations    | 4 |  4.8
Dodging        | |  1.7
Stealth        | |  1.7

Action                   |  1- 3 |  4- 6 || total
-------------------------+-------+-------++-------
Melee: Unarmed           |     8 |       ||     8
 Cast: Shock             |    17 |     9 ||    26
       Static Discharge  |       |     7 ||     7
Evoke: Wand              |     6 |       ||     6
  Use: Potion            |     2 |       ||     2
Armor: Robe              |     2 |       ||     2
Dodge: Dodged            |    15 |     3 ||    18

Table legend: (Time is in decaauts)
 A = Elapsed time spent in this place.
 B = Non-inter-level travel time spent in this place.
 C = Inter-level travel time spent in this place.
 D = Time resting spent in this place.
 E = Time spent auto-exploring this place.
 F = Levels seen in this place.
 G = Mean time per level.
                   A        B        C        D        E       F      G
               +--------+--------+--------+--------+--------+-----+--------+
         Total |    838 |    838 |      0 |    588 |      0 |   1 |  838.0 |
       Dungeon |    838 |    838 |      0 |    588 |      0 |   1 |  838.0 |
               +--------+--------+--------+--------+--------+-----+--------+

Top non-repeatable levels by time:
       D: 838 daAuts
